 Dungeon Crawl Stone Soup version 0.28-a0-1412-gf95308ed99 (webtiles) character file.

Game seed: 11647452134285401007

23 southernslant the Sneak (level 2, -4/14 HPs)
             Began as a Spriggan Enchanter on Jan 6, 2022.
             Killed by nerve-wracking pain
             ... invoked by Jessica
              (10 damage)
             ... on level 2 of the Dungeon on Jan 7, 2022.
             The game lasted 00:03:58 (938 turns).

southernslant the Sneak (Spriggan Enchanter)         Turns: 938, Time: 00:04:00

Health: -4/14      AC:  2    Str:  4    XL:     2   Next: 72%
Magic:  7/7        EV: 17    Int: 16    God:
Gold:   145        SH:  0    Dex: 15    Spells: 7/7 levels left

rFire   . . .      SeeInvis +   a - +1 dagger
rCold   . . .      Faith    .   (no shield)
rNeg    . . .      Spirit   .   b - +0 robe
rPois   .          Reflect  .   (helmet restricted)
rElec   .          Harm     .   (no cloak)
rCorr   .          Rampage  .   (gloves unavailable)
Will    .....                   (boots unavailable)
Stlth   +++.......              f - amulet of regeneration
HPRegen 0.84/turn               (no ring)
MPRegen 0.10/turn               (no ring)

@: slowed, quick
A: very small, no large weapons, unfitting armour, see invisible, speed 3
a: no special abilities


You were on level 2 of the Dungeon.
You visited 1 branch of the dungeon, and saw 2 of its levels.

You collected 145 gold pieces.

Inventory:

Hand Weapons
 a - a +1 dagger (weapon)
Missiles
 i - 25 stones
 k - 2 boomerangs
 n - 3 atropa-tipped darts (quivered)
Armour
 b - a +0 robe (worn)
Jewellery
 f - an amulet of regeneration (around neck)
Scrolls
 e - a scroll of enchant armour {unknown}
 g - a scroll of vulnerability {unknown}
 h - a scroll of enchant weapon {unknown}
 l - a scroll of amnesia {unknown}
 m - a scroll of identify {unknown}
 o - a scroll of magic mapping {unknown}
Potions
 c - a potion of invisibility
 d - a potion of curing
 j - a potion of degeneration {unknown}
 p - 2 potions of flight {unknown}


   Skills:
 * Level 0.8 Fighting
 + Level 1.3 Short Blades
 * Level 0.5 Armour
 + Level 2.9 Dodging
 - Level 4.4 Stealth
 * Level 3.1 Spellcasting
 + Level 3.8 Hexes


You had 7 spell levels left.
You didn't know any spells.
Your spell library contained the following spells:

 Spells                   Type           Power      Damage    Failure   Level
 Confusing Touch          Hex            14%        N/A       12%         3
 Tukima's Dance           Hex            14%        N/A       12%         3
 Ensorcelled Hibernation  Hex/Ice        16%        N/A       13%         2
 Dazzling Flash           Conj/Hex       16%        N/A       26%         3


Dungeon Overview and Level Annotations

Branches:
Dungeon (2/15)

Altars:

Annotations:
D:2 Jessica


Innate Abilities, Weirdness & Mutations

You are very small and have problems with some larger weapons.
You are too small for most types of armour.
You have supernaturally acute eyesight. (SInv)
You cover ground extremely quickly. (Speed+++)


Message History

You hit Jessica.
Jessica is heavily wounded.
Jessica hits you with a +0 dagger.
* * * LOW HITPOINT WARNING * * *
Jessica casts a spell.
Jessica blinks!
You see here a jackal corpse.
You are too injured to fight recklessly!
Throw: 5 darts (atropa)
Press: ? - help, Q - select action, (/) - cycle Shift-Dir - straight line, f - Jessica
Aim: Jessica, wielding a +0 dagger and wearing a +0 robe (heavily wounded, fast, 57% to hit, chance to blind on hit: 100%)
You throw an atropa-tipped dart.
The atropa-tipped dart closely misses Jessica.
Jessica gestures at you while chanting. Pain shoots through your body!
* * * LOW HITPOINT WARNING * * *
It was a potion of curing.
You feel better. Jessica hits you with a +0 dagger.
You hit Jessica but do no damage.
Jessica is moderately wounded.
Jessica closely misses you.
Throw: 4 darts (atropa)
Press: ? - help, Q - select action, (/) - cycle Shift-Dir - straight line, f/p - Jessica
Aim: Jessica, wielding a +0 dagger and wearing a +0 robe (moderately wounded, fast, 57% to hit, chance to blind on hit: 100%)
You throw an atropa-tipped dart.
The atropa-tipped dart barely misses Jessica.
Jessica closely misses you. Jessica hits you with a +0 dagger.
* * * LOW HITPOINT WARNING * * *
You feel better.
Jessica points at you and mumbles some strange words.
You feel yourself slow down.
You hit Jessica.
Jessica is heavily wounded.
Jessica hits you with a +0 dagger. Jessica barely misses you.
You hit Jessica.
Jessica is almost dead.
Jessica hits you with a +0 dagger. Jessica casts a spell at you.
Pain shoots through your body!
Ouch! That really hurt!
You die...

### ..# #########
#.# #.()....# #.
#.# #.# #.# #.# #.#
# #.# ####.####†# #
#.# #.(.....@@# #
#.# #.##.######
###.# #.##.#...###
.##.####.##........
.................##
.#...###.#.......#
...#...#.##.....##
...###.#.###.####
...# .#.# .#


You could see Jessica (fast).

Vanquished Creatures
  An adder (D:2)
  A dart slug (D:1)
  A goblin (D:1)
  3 jackals (D:2)
  A kobold (D:1)
  A quokka (D:1)
  A ball python (D:2)
  A frilled lizard (D:1)
  2 rats (D:1)
12 creatures vanquished.

Vanquished Creatures (others)
  A fungus (D:1)
  4 toadstools (D:1)
5 creatures vanquished.

Grand Total: 17 creatures vanquished

Notes
Turn   | Place    | Note
-------+----------+-------------------------------------------
     0 | D:1      | southernslant the Spriggan Enchanter began the quest for
                  | the Orb.
     0 | D:1      | Reached XP level 1. HP: 9/9 MP: 5/5
     0 | D:1      | Upgraded the game from 0.28-a0-1404-g4df0f3684d to
                  | 0.28-a0-1412-gf95308ed99
   359 | D:1      | Reached XP level 2. HP: 14/14 MP: 6/6
   684 | D:1      | You fall into a shaft and drop 1 floor!
   901 | D:2      | Noticed Jessica
   938 | D:2      | Killed from afar by Jessica

Illustrated notes

Levels and vault maps discovered:
D:1:      dpeg_arrival_concentric_ovals, layout_loops_ring,
          minmay_gold_behind_fungi, serial_park_tiny_1
D:2:      layout_loops_ring, uniq_jessica

Skill      XL: |  1  2 |
---------------+-------+-----
Spellcasting   | 3 |  3.1
Fighting       | |  0.8
Short Blades   | |  1.3
Armour         | |  0.5
Dodging        | |  2.9
Stealth        | |  4.4
Hexes          | |  3.8

Action                   || total
-------------------------++-------
Melee: Dagger            ||    73
Throw: Stone             ||     6
       Dart              ||     2
  Use: Potion            ||     2
 Stab: Sleeping          ||     4
Armor: Robe              ||     9
Dodge: Dodged            ||    60

Table legend: (Time is in decaauts)
 A = Elapsed time spent in this place.
 B = Non-inter-level travel time spent in this place.
 C = Inter-level travel time spent in this place.
 D = Time resting spent in this place.
 E = Time spent auto-exploring this place.
 F = Levels seen in this place.
 G = Mean time per level.
                   A        B        C        D        E       F      G
               +--------+--------+--------+--------+--------+-----+--------+
         Total |    613 |    613 |      0 |      0 |    462 |   2 |  306.5 |
       Dungeon |    613 |    613 |      0 |      0 |    462 |   2 |  306.5 |
               +--------+--------+--------+--------+--------+-----+--------+

Top non-repeatable levels by time:
     D:1: 431 daAuts
     D:2: 182 daAuts
